 Dungeon Crawl Stone Soup version 0.26-a0-540-g8a0c9464d7 (webtiles) character file.

Game seed: 18241529131763832759

3693 graki42 the Insei (level 10, -5/65 (67) HPs)
             Began as an Octopode Transmuter on Aug 17, 2020.
             Was a Follower of Makhleb.
             Slain by a hellwing (13 damage)
             ... summoned by a kobold demonologist
             ... on level 8 of the Dungeon.
             The game lasted 00:31:38 (10961 turns).

graki42 the Insei (Octopode Transmuter)            Turns: 10961, Time: 00:31:39

HP:   -5/65 (67)    AC:  1    Str: 10    XL:     10   Next: 13%
MP:   16/17         EV: 22    Int: 21    God:    Makhleb [*.....]
Gold: 555           SH:  0    Dex: 22    Spells: 1/19 levels left

rFire    . . .     SeeInvis .     - Unarmed
rCold    . . .     Faith    .   (no shield)
rNeg     + . .     Spirit   .   (helmet currently unavailable)
rPois    .         Reflect  .   (no amulet)
rElec    .         Harm     .   m - +4 ring of evasion
rCorr    .                      r - +6 ring of intelligence
MR       .....                  s - ring of flight
Stlth    +++++.....             v - +6 ring of dexterity
HPRegen  0.20/turn              y - ring of positive energy
MPRegen  0.15/turn              (no ring)
                                (no ring)
                                (no ring)

@: appendages, wereblooded
A: almost no armour, stealthy swim, amphibious, 8 rings, constrict 8, tentacle
spike 3, camouflage 1, gelatinous body 1
a: End Transformation, Renounce Religion, Evoke Flight


You were on level 8 of the Dungeon.
You worshipped Makhleb.
Makhleb was aware of your devotion.
One of your tentacles had a temporary spike.
You visited 2 branches of the dungeon, and saw 9 of its levels.

You collected 555 gold pieces.

Inventory:

Missiles
 E - 2 throwing nets (quivered)
Jewellery
 m - a +4 ring of evasion (left tentacle)
 r - a +6 ring of intelligence (right tentacle)
 s - a ring of flight (on tentacle)
 v - a +6 ring of dexterity (on tentacle)
 y - a ring of positive energy (on tentacle)
 z - an uncursed ring of fire
 D - an uncursed amulet of guardian spirit {unknown}
Wands
 l - a wand of paralysis (4)
 p - a wand of flame (3)
 u - a wand of random effects (18)
Scrolls
 a - a scroll of random uselessness {unknown}
 c - a scroll of enchant weapon {unknown}
 d - 2 scrolls of teleportation {unknown}
 e - 2 scrolls of enchant armour {unknown}
 h - a scroll of fog {unknown}
 i - 4 scrolls of remove curse
 j - 2 scrolls of blinking {unknown}
 k - 3 scrolls of fear
 q - a scroll of immolation {unknown}
 B - a scroll of identify
Potions
 b - 3 potions of lignification
 f - 3 potions of heal wounds
 g - 2 potions of invisibility
 n - a potion of stabbing
 o - a potion of ambrosia
 t - 3 potions of flight
 w - a potion of curing
 x - a potion of degeneration
 A - 2 potions of might {unknown}
 C - a potion of haste {unknown}


   Skills:
 + Level 5.6 Fighting
 + Level 5.8 Dodging
 + Level 6.2 Stealth
 + Level 7.7 Unarmed Combat
 + Level 5.2 Spellcasting
 * Level 1.2 Conjurations
 * Level 1.2 Hexes
 + Level 5.9 Transmutations
 - Level 2.0 Poison Magic


You had one spell level left.
You knew the following spells:

 Your Spells              Type           Power        Failure   Level
a - Beastly Appendage     Tmut           ####..       1%          1
b - Wereblood             Tmut           ####....     1%          2
c - Spider Form           Tmut/Pois      ###.......   6%          3
d - Ice Form              Ice/Tmut       ###.....     30%         4
e - Blade Hands           Tmut           ####......   26%         5
f - Dazzling Flash        Conj/Hex       ##....       19%         3

Your spell library contained the following spells:

 Spells                   Type           Power        Failure   Level
 Magic Dart               Conj           ##..         6%          1
 Searing Ray              Conj           ##....       10%         2
 Fulminant Prism          Conj/Hex       ##........   54%         4
 Iskenderun's Mystic Bla  Conj/Tloc      #.......     63%         4
 Iskenderun's Battlesphe  Conj           ##......     87%         5
 Bolt of Magma            Conj/Fire/Erth #.........   94%         5
 Iron Shot                Conj/Erth      #.........   100%        6
 Orb of Destruction       Conj           ##........   100%        7
 Spellforged Servitor     Conj/Summ      #.........   100%        7


Dungeon Overview and Level Annotations

Branches:
Dungeon (8/15)             Temple (1/1) D:7
   Lair: D:8-11

Altars:
Ashenzari
Cheibriados
Dithmenos
Elyvilon
Fedhas
Gozag
Hepliaklqana
Kikubaaqudgha
Makhleb
Nemelex Xobeh
Okawaru
Qazlal
Ru
Sif Muna
Trog
Uskayaw
Vehumet
Wu Jian
Xom
Yredelemnul
Zin
The Shining One


Innate Abilities, Weirdness & Mutations

You cannot wear most types of armour.
You are very stealthy in the water. (Stealth+)
You are amphibious.
You can wear up to eight rings at the same time.
You can use your tentacles to constrict eight enemies at once.
Your skin changes colour to match your surroundings (Stealth+).
Your rubbery body absorbs attacks. (AC +1, EV +1)
One of your tentacles bears a large vicious spike.


Message History

As you read the scroll of fear, it crumbles to dust.
You assume a fearsome visage.
The hellwing is unaffected.
The big kobold looks frightened!
The kobold looks frightened!
The big kobold looks frightened! x2
The big kobold resists with some effort.
The big kobold looks frightened!
The kobold looks frightened! x3
The big kobold looks frightened! x2; The kobold looks frightened!
The big kobold looks frightened! x2
The kobold demonologist looks frightened!
The hellwing hits you!
* * * LOW HITPOINT WARNING * * *
The hellwing misses you.
The big kobold cowers, then darts away.
The kobold howls, "Help!"
As you read the scroll of fear, it crumbles to dust.
You assume a fearsome visage.
The hellwing is unaffected.
The big kobold looks frightened!
The big kobold pleads, "Why can't we all just get along?"
The hellwing hits you!
You die... ...................# ..................## ......##....##...... .....##.....##...# ## ....##...........# .K# .##.........=....# KKK#

..#.........(...K# .K.K#
##.....8.........#..K.K#
##.............4@).KKKK#
#...............K#######
#(.....#...>....K.>
.......###.....#[....
.......##......###.....
...(....#.....#. .....
...........P.# . .....
........(.... ....
.....[#......


You could see a hellwing (summoned), a kobold demonologist (fleeing), 9 big
kobolds and 5 kobolds.

Vanquished Creatures
  Grinder (D:3)
  Edmund (D:6)
  An orc warrior (D:7)
  An ice beast (D:5)
  2 sky beasts
  A hornet zombie (D:8)
  4 ogres
  4 necrophages (D:8)
  3 centaurs
  A crocodile (D:8)
  3 bullfrogs
  6 killer bees (D:7)
  8 wights
  2 howler monkeys (D:6)
  2 bullfrog zombies
  4 hounds
  Crazy Yiuf (D:5)
  2 orc priests (D:7)
  2 bullfrog skeletons
  3 iguanas
  Natasha (thrice) (D:3)
  2 orc wizards
  6 worker ants
  A killer bee zombie (D:5)
  2 mummies
  A hound zombie (D:8)
  3 worker ant zombies
  A howler monkey zombie (D:7)
  3 gnolls (D:4)
  12 adders
  2 white imps
  2 ufetubi
  An ooze (D:5)
  2 adder skeletons (D:4)
  2 adder zombies
  3 worms
  4 dart slugs
  8 leopard geckos
  12 orcs
  8 bats
  5 giant cockroaches
  12 goblins
  11 hobgoblins
  18 jackals
  3 quokkas
  2 frilled lizards (D:3)
  12 kobolds
  2 leopard gecko zombies (D:8)
  2 quokka skeletons
  A quokka zombie (D:5)
  2 rats
  A fungus (D:5)
201 creatures vanquished.

Notes
Turn   | Place    | Note
-------+----------+-------------------------------------------
     0 | D:1      | graki42 the Octopode Transmuter began the quest for the
                  | Orb.
     0 | D:1      | Reached XP level 1. HP: 13/13 MP: 3/3
   268 | D:1      | Reached XP level 2. HP: 16/18 MP: 3/5
   709 | D:1      | Reached XP level 3. HP: 23/23 MP: 4/6
   849 | D:1      | Learned a level 2 spell: Wereblood
   853 | D:1      | Learned a level 3 spell: Spider Form
  1749 | D:2      | Reached XP level 4. HP: 22/29 MP: 5/7
  2116 | D:2      | Noticed an earth elemental
  2120 | D:2      | Found a stormy altar of Qazlal.
  2192 | D:2      | Noticed a water elemental
  2192 | D:2      | Noticed a fire elemental
  2192 | D:2      | Noticed an air elemental
  2246 | D:2      | You fall into a shaft and drop 2 floors!
  2249 | D:4      | Noticed a centaur
  2265 | D:4      | Killed a centaur
  2265 | D:4      | Reached skill level 1 in Poison Magic
  2265 | D:4      | Reached XP level 5. HP: 11/34 MP: 6/8
  2474 | D:3      | Noticed Natasha
  2480 | D:3      | Killed Natasha
  2628 | D:3      | Noticed Grinder
  2635 | D:3      | Killed Grinder
  2635 | D:3      | Reached skill level 4 in Unarmed Combat
  2635 | D:3      | Reached XP level 6. HP: 21/41 MP: 8/10
  2686 | D:3      | Noticed Natasha
  2729 | D:3      | Killed Natasha
  3074 | D:3      | Learned a level 4 spell: Ice Form
  3309 | D:3      | Reached XP level 7. HP: 45/45 MP: 8/11
  3330 | D:3      | Noticed Natasha
  3344 | D:3      | Killed Natasha
  4892 | D:5      | Entered Level 5 of the Dungeon
  4920 | D:5      | Reached skill level 1 in Stealth
  5555 | D:5      | Reached skill level 5 in Unarmed Combat
  5736 | D:5      | Reached XP level 8. HP: 54/54 MP: 11/13
  6269 | D:5      | Found a runed translucent door.
  6272 | D:5      | Noticed Crazy Yiuf
  6285 | D:5      | Killed Crazy Yiuf
  7135 | D:6      | Found a snail-covered altar of Cheibriados.
  7187 | D:6      | Found an iron altar of Okawaru.
  7194 | D:6      | Reached skill level 6 in Unarmed Combat
  7508 | D:6      | Found a hazy altar of Hepliaklqana.
  7728 | D:6      | Noticed Edmund
  7747 | D:6      | Killed Edmund
  7747 | D:6      | Reached XP level 9. HP: 54/59 MP: 13/15
  7798 | D:6      | Found a blossoming altar of Fedhas.
  8107 | D:7      | Reached skill level 5 in Transmutations
  8505 | D:7      | Reached skill level 5 in Dodging
  8755 | D:7      | Found the +2 robe of Vines {NoPotionHeal Regen+7}
  8874 | D:7      | Found a staircase to the Ecumenical Temple.
  8908 | Temple   | Entered the Ecumenical Temple
  9015 | Temple   | Learned a level 5 spell: Blade Hands
  9086 | Temple   | Became a worshipper of Makhleb the Destroyer
  9182 | D:7      | Reached skill level 5 in Stealth
  9202 | D:7      | Reached skill level 5 in Fighting
  9368 | D:7      | Reached skill level 7 in Unarmed Combat
  9643 | D:7      | Found a burning altar of Makhleb.
 10112 | D:8      | Reached skill level 5 in Spellcasting
 10472 | D:8      | Reached XP level 10. HP: 57/66 MP: 17/17
 10496 | D:8      | Learned a level 3 spell: Dazzling Flash
 10823 | D:8      | Reached * piety under Makhleb
 10893 | D:8      | Reached skill level 1 in Conjurations
 10893 | D:8      | Reached skill level 1 in Hexes
 10949 | D:8      | Noticed a kobold demonologist
 10961 | D:8      | Slain by a hellwing

Illustrated notes

Levels and vault maps discovered:
D:1:      sevenhm_arrival_forest_fort_large_4, layout_loops_corners,
          st_stairs_12, minmay_misc_feat_plants, minivault_27, minmay_ruptured
D:2:      cheibrodos_helix_gallery, layout_loops_corners,
          nicolae_qazlal_style_of_elements
D:3:      layout_basic, uniq_natasha, uniq_grinder
D:4:      layout_cave_pools
D:5:      layout_basic, uniq_crazy_yiuf_cottage
D:6:      layout_loops_ring, nicolae_overflow_crystal_walls, fedhas_altar_2,
          slow_altar_1, lemuel_coloured_pillars_altar, palyth_stone_intersect,
          uniq_edmund
D:7:      layout_loops_corners, minmay_temple_entry_wispy,
          makhleb_heckhound_becter
D:8:      layout_cave_pools, serial_undead, serial_undead_a, serial_undead_f,
          serial_undead_f, serial_undead_d, serial_undead_c, serial_undead_d,
          special_room [special_room_kobold], grunt_ogre_cave
Temple:   hc_temple_tempest_star

Skill      XL: |  1  2  3  4  5  6  7  8  9 10 |
---------------+-------------------------------+-----
Fighting       | 2 3 4 5 |  5.6
Transmutations | 3 4 5 |  5.9
Poison Magic   | 1 2 |  2.0
Dodging        | 3 4 5 |  5.8
Unarmed Combat | 4 5 6 7 |  7.7
Spellcasting   | 3 4 5 |  5.2
Stealth        | 2 4 6 |  6.2
Conjurations   | 1 |  1.2
Hexes          | 1 |  1.2

Action                   |  1- 3 |  4- 6 |  7- 9 | 10-12 || total
-------------------------+-------+-------+-------+-------++-------
Melee: Unarmed           |    83 |    69 |   389 |    35 ||   576
       Constrict         |    32 |    18 |    75 |    10 ||   135
       Kick              |    22 |    19 |   100 |    16 ||   157
       Tentacles         |     8 |    10 |    63 |     6 ||    87
       Punch             |     2 |     1 |    12 |     2 ||    17
 Cast: Beastly Appendage |    20 |    15 |    58 |     6 ||    99
       Wereblood         |       |     2 |    11 |     1 ||    14
       Spider Form       |       |       |     9 |     1 ||    10
Evoke: Wand              |       |       |     9 |       ||     9
  Use: Potion            |       |     1 |     2 |       ||     3
       Scroll            |       |       |     8 |     2 ||    10
 Stab: Sleeping          |     7 |     7 |    21 |     5 ||    40
Armor: Skin              |     8 |     4 |    12 |       ||    24
Dodge: Dodged            |    58 |    47 |   270 |    31 ||   406

Table legend: (Time is in decaauts)
 A = Elapsed time spent in this place.
 B = Non-inter-level travel time spent in this place.
 C = Inter-level travel time spent in this place.
 D = Time resting spent in this place.
 E = Time spent auto-exploring this place.
 F = Levels seen in this place.
 G = Mean time per level.
                   A        B        C        D        E       F      G
               +--------+--------+--------+--------+--------+-----+--------+
         Total |  10905 |  10593 |    312 |   2784 |   6202 |   9 | 1211.7 |
       Dungeon |  10714 |  10414 |    300 |   2784 |   6039 |   8 | 1339.2 |
        Temple |    190 |    178 |     12 |      0 |    163 |   1 |  190.0 |
               +--------+--------+--------+--------+--------+-----+--------+

Top non-repeatable levels by time:
     D:7: 1996 daAuts
     D:5: 1607 daAuts
     D:1: 1521 daAuts
     D:6: 1402 daAuts
     D:3: 1362 daAuts
     D:2: 1134 daAuts
     D:4: 856 daAuts
     D:8: 831 daAuts
  Temple: 190 daAuts
